 Dungeon Crawl Stone Soup version 0.27-a0-1416-g941b2bd30b (webtiles) character file.

Game seed: 7186814046491968068

86 Wyvernaa the Skirmisher (level 4, 0/35 HPs)
             Began as a Demonspawn Fighter on July 2, 2021.
             Killed from afar by an orc wizard (6 damage)
             ... with a magic dart
             ... on level 3 of the Dungeon.
             The game lasted 00:05:03 (2977 turns).

Wyvernaa the Skirmisher (Demonspawn Fighter)        Turns: 2977, Time: 00:05:03

Health: 0/35       AC:  8    Str: 17    XL:     4   Next: 26%
Magic:  4/4        EV:  7    Int:  9    God:
Gold:   101        SH:  9    Dex: 13    Spells: 3/3 levels left

rFire    . . .     SeeInvis +   a - +0 rapier
rCold    . . .     Faith    .   c - +0 kite shield
rNeg     . . .     Spirit   .   b - +0 scale mail
rPois    .         Reflect  .   (no helmet)
rElec    .         Harm     .   (no cloak)
rCorr    .         Rampage  .   (no gloves)
Will     .....                  (no boots)
Stlth    ..........             (no amulet)
HPRegen  0.11/turn              i - ring of see invisible
MPRegen  0.09/turn              (no ring)

@: no status effects
A: molten scales 1, demonic guardian 2
a: no special abilities


You were on level 3 of the Dungeon.
You visited 1 branch of the dungeon, and saw 3 of its levels.

You collected 101 gold pieces.

Inventory:

Hand Weapons
 a - a +0 rapier (weapon)
 h - a +0 dagger of speed
Armour
 b - a +0 scale mail (worn)
 c - a +0 kite shield (worn)
 j - a +0 chain mail
Jewellery
 i - a ring of see invisible (left hand)
Scrolls
 e - a scroll of enchant weapon {unknown}
 f - a scroll of teleportation
 k - a scroll of acquirement {unknown}
Potions
 d - a potion of might
 g - 2 potions of resistance


   Skills:
 + Level 3.4 Fighting
 * Level 2.7 Short Blades
 + Level 3.3 Armour
 + Level 0.6 Dodging
 + Level 3.0 Shields


You had 3 spell levels left.
You didn't know any spells.
Your spell library contained the following spells:

 Spells                   Type           Power      Damage    Failure   Level
 Shock                    Conj/Air       0%         1d3       99%         1
 Gell's Gravitas          Tloc           0%         N/A       100%        3
 Lesser Beckoning         Tloc           0%         N/A       100%        3
 Stone Arrow              Conj/Erth      0%         3d7       100%        3
 Swiftness                Air            0%         N/A       100%        3
 Teleport Other           Tloc           0%         N/A       100%        3
 Airstrike                Air            0%         N/A       100%        4
 Bolt of Magma            Conj/Fire/Erth 0%         4d4       100%        5
 Shatter                  Erth           0%         3d5*      100%        9


Dungeon Overview and Level Annotations

Branches:
Dungeon (3/15)

Altars:

Annotations:
D:3 3 runed translucent doors, sokol815's ghost, amateur OpEE


Innate Abilities, Weirdness & Mutations

You are partially covered in molten scales. (AC +2)
A demonic guardian rushes to your aid.


Message History

You block the orc wizard's attack.
You closely miss the orc wizard.
The orc wizard is heavily wounded.
The orc wizard hits you with a +1 dagger of protection.
The orc jeers repeatedly.
The orc wizard closely misses you.
You hit the orc wizard but do no damage.
The orc wizard is heavily wounded.
The orc wizard hits you but does no damage.
You hit the orc wizard.
The orc wizard is severely wounded.
The orc wizard completely misses you. The orc wizard barely misses you.
You hit the orc wizard.
The orc wizard is severely wounded.
The orc wizard casts a spell at you. The magic dart hits you.
You hit the orc wizard.
The orc wizard is almost dead.
You block the orc wizard's attack.
You hit the orc wizard but do no damage.
The orc wizard is almost dead.
The orc wizard hits you with a +1 dagger of protection. x2
The orc wizard points at you and mumbles some strange words.
The puff of flame hits you.
The orc wizard hits you with a +1 dagger of protection.
A demonic guardian appears!
You hit the orc wizard but do no damage.
The orc wizard is almost dead.
Your ice devil disappears in a puff of smoke!
The orc wizard gestures at you while chanting.
The magic dart hits you!
* * * LOW HITPOINT WARNING * * *
You closely miss the orc wizard.
The orc wizard is almost dead.
You block the orc wizard's attack.
You closely miss the orc wizard.
The orc wizard is almost dead.
The orc wizard gestures at you while chanting.
The magic dart hits you.
You die...

. ....
#.............#.... ....#
.... #.#8#..8..#8#.#....
....# .....
#.###.....###.#...# ....#
..... #ooo.#####....#...#
..K$
......#oooWo........#...#
..#
......######+++######....
..#
.#....84...........)8.###
..#
.......o@.....)...<......
#
.###################....#
o..... .....# ......
#...... ....g. #......
...... #...... ......
....... .##### ......# .#


You could see an orc wizard (invisible), sokol815's ghost, 7 orcs and a friendly
hellwing (summoned).

Vanquished Creatures
  3 adders (D:2)
  A worm (D:2)
  2 dart slugs
  An orc (D:3)
  3 endoplasms
  A giant cockroach (D:2)
  7 goblins
  6 hobgoblins
  4 jackals (D:2)
  2 quokkas (D:1)
  2 ball pythons
  5 bats (D:1)
  A frilled lizard (D:1)
  3 kobolds
  2 rats
43 creatures vanquished.

Vanquished Creatures (collateral kills)
  3 orcs (D:2)
  A goblin (D:2)
  A kobold (D:2)
5 creatures vanquished.

Vanquished Creatures (others)
  4 toadstools (D:1)
4 creatures vanquished.

Grand Total: 52 creatures vanquished

Notes
Turn   | Place    | Note
-------+----------+-------------------------------------------
     0 | D:1      | Wyvernaa the Demonspawn Fighter began the quest for the
                  | Orb.
     0 | D:1      | Reached XP level 1. HP: 18/18 MP: 1/1
   165 | D:1      | Gained mutation: A weak demonic guardian rushes to your
                  | aid. [demonic ancestry]
   165 | D:1      | Reached XP level 2. HP: 21/24 MP: 2/2
   918 | D:2      | Gained mutation: A demonic guardian rushes to your aid.
                  | [demonic ancestry]
   918 | D:2      | Reached XP level 3. HP: 29/29 MP: 3/3
  1557 | D:2      | Gained mutation: You are partially covered in molten
                  | scales. (AC +2) [demonic ancestry]
  1557 | D:2      | Reached XP level 4. HP: 24/35 MP: 4/4
  2126 | D:3      | Noticed a scorpion
  2196 | D:3      | Found a runed translucent gate.
  2196 | D:3      | Found a runed translucent gate.
  2196 | D:3      | Found a runed translucent gate.
  2197 | D:3      | Noticed sokol815's ghost (amateur OpEE)
  2977 | D:3      | Killed from afar by an orc wizard

Illustrated notes

Levels and vault maps discovered:
D:1:      ldierk_walled_garden_2, layout_rooms
D:2:      minmay_diamond_boxcup, layout_loops_ring
D:3:      layout_basic, biasface_ghost_orc_armoury,
          shapermc_ecumenical_altar_starsandcircs

Skill      XL: |  1  2  3  4 |
---------------+-------------+-----
Armour         | 3 |  3.3
Short Blades   | 2 |  2.7
Shields        | 3 |  3.0
Fighting       | |  3.4
Dodging        | |  0.6

Action                   |  1- 3 |  4- 6 || total
-------------------------+-------+-------++-------
Melee: Rapier            |   102 |    57 ||   159
       Dagger            |    16 |       ||    16
  Use: Scroll            |     3 |       ||     3
       Potion            |     1 |       ||     1
Armor: Scale mail        |    66 |    31 ||    97
Dodge: Dodged            |    29 |    22 ||    51
Block: Kite shield       |    60 |    29 ||    89

Table legend: (Time is in decaauts)
 A = Elapsed time spent in this place.
 B = Non-inter-level travel time spent in this place.
 C = Inter-level travel time spent in this place.
 D = Time resting spent in this place.
 E = Time spent auto-exploring this place.
 F = Levels seen in this place.
 G = Mean time per level.
                   A        B        C        D        E       F      G
               +--------+--------+--------+--------+--------+-----+--------+
         Total |   3028 |   2968 |     60 |    996 |   1369 |   3 | 1009.3 |
       Dungeon |   3028 |   2968 |     60 |    996 |   1369 |   3 | 1009.3 |
               +--------+--------+--------+--------+--------+-----+--------+

Top non-repeatable levels by time:
     D:2: 1964 daAuts
     D:1: 753 daAuts
     D:3: 310 daAuts
